 Dungeon Crawl Stone Soup version 0.18.1-8-gdd0e5ea (webtiles) character file.

155 Liquid the Covered (level 5, 0/41 HPs)
             Began as a Human Fighter on June 4, 2016.
             Was an Initiate of Ru.
             Succumbed to Robin's poison
             ... on level 2 of the Dungeon.
             The game lasted 00:05:03 (1554 turns).

Liquid the Covered (Human Fighter)                  Turns: 1554, Time: 00:05:03

Health: 0/41       AC:  7    Str: 20 (22) XL:     5   Next: 63%
Magic:  5/5        EV:  9    Int:  7 (9)  God:    Ru [......]
Gold:   33         SH:  7    Dex: 14 (15) Spells: 0 memorised, 4 levels left

rFire  . . .     SeeInvis .     e - +0 spear (venom)
rCold  . . .     Gourm    .     b - +0 scale mail
rNeg   . . .     Faith    .     j - +2 buckler
rPois  +         Spirit   .     (no helmet)
rElec  .         Dismiss  .     (no cloak)
rCorr  .         Reflect  .     (no gloves)
SustAt .         Harm     .     (no boots)
MR     +....                    (no amulet)
Stlth  ..........               (no ring)
                                o - +3 ring of dexterity

@: mighty, lethally poisoned (0 -> -8), somewhat resistant to hostile
enchantments, extremely unstealthy
A: magic resistance 1, poison resistance, wild magic 1
a: Renounce Religion


You were on level 2 of the Dungeon.
You worshipped Ru.
Ru was noncommittal.
You were hungry.

You visited 1 branch of the dungeon, and saw 2 of its levels.

You collected 33 gold pieces.

Inventory:

Hand Weapons
 a - a +0 trident
 e - a +0 spear of venom (weapon)
Armour
 b - a +0 scale mail (worn)
 c - a +0 shield
 j - a +2 buckler (worn)
 m - a +0 helmet
Jewellery
 o - a +3 ring of dexterity (left hand)
Scrolls
 l - a scroll of remove curse
Potions
 d - 3 potions of might
 k - a potion of degeneration
Comestibles
 f - a bread ration
 g - 2 chunks of flesh
 h - 2 beef jerkies
 i - a meat ration


   Skills:
 + Level 3.5 Fighting
 * Level 3.5 Polearms
 + Level 4.0 Armour
 + Level 3.7 Shields


You had 4 spell levels left.
You didn't know any spells.

Dungeon Overview and Level Annotations

Branches:
Dungeon (2/15)

Altars:
Ru


Innate Abilities, Weirdness & Mutations

You are resistant to hostile enchantments.
Your system is resistant to poisons.
Your spells are a little harder to cast, but a little more powerful.


Message History

* * * LOW HITPOINT WARNING * * *
You feel sick.
* * * LOW HITPOINT WARNING * * *
You feel sick.
There is a lethal amount of poison in your body!
* * * LOW HITPOINT WARNING * * *
You feel sick.
* * * LOW HITPOINT WARNING * * *
You feel sick.
* * * LOW HITPOINT WARNING * * *
You feel sick.
* * * LOW HITPOINT WARNING * * *
You feel sick.
* * * LOW HITPOINT WARNING * * *
You feel sick.
Unknown command.
* * * LOW HITPOINT WARNING * * *
You feel sick.
Unknown command.
You die...

.........# .#...).#.#
##..g..#.. .....g.##.
####.gg##.##########
.......g#..........#
......#.##รท#######.#
......#r.#.#######.######
......##g#..#...@.......#
......##.##.#)####.####.#
......##g.#.#(#.......#.#
......###g###)#.##.##.#.#
......#
#g###[#.#...#.#.###
#.#......._.......#
#.#.#.#.#...#.#.#.#
#...#.#.##.##.#.#.#
##.##.#.......#.#.#


There were no monsters in sight!

Vanquished Creatures
  Jessica (D:2)
  Robin (D:2)
  3 adders (D:2)
  2 oozes (D:1)
  5 dart slugs
  2 giant geckos
  A giant cockroach (D:2)
  21 goblins
  6 hobgoblins
  4 jackals (D:1)
  5 bats
  5 giant newts
  4 kobolds
  11 rats
71 creatures vanquished.

Notes
Turn   | Place    | Note
--------------------------------------------------------------
     0 | D:1      | Liquid the Human Fighter began the quest for the Orb.
     0 | D:1      | Reached XP level 1. HP: 18/18 MP: 1/1
   102 | D:1      | Reached XP level 2. HP: 24/24 MP: 2/2
   240 | D:1      | Reached XP level 3. HP: 29/29 MP: 3/3
   860 | D:2      | Reached XP level 4. HP: 19/35 MP: 4/4
  1053 | D:2      | Noticed Jessica
  1077 | D:2      | Killed Jessica
  1164 | D:2      | Reached XP level 5. HP: 39/41 MP: 5/5
  1189 | D:2      | Reached skill level 4 in Armour
  1309 | D:2      | Found a sacrificial altar of Ru.
  1381 | D:2      | Became a worshipper of Ru the Awakened
  1462 | D:2      | Noticed Robin
  1534 | D:2      | Gained mutation: Your spells are a little harder to cast, but a little more powerful. [potion of mutation]
  1534 | D:2      | Gained mutation: Your system is resistant to poisons. [potion of mutation]
  1534 | D:2      | Gained mutation: You are resistant to hostile enchantments. [potion of mutation]
  1534 | D:2      | HP: 1/41 [poisoned by Robin]
  1536 | D:2      | Killed Robin
  1552 | D:2      | HP: 2/41 [poisoned by Robin]
  1554 | D:2      | Succumbed to Robin's poison

Skill      XL: |  1  2  3  4  5 |
---------------+----------------+-----
Polearms       | 3 |  3.5
Armour         | 4 |  4.0
Fighting       | |  3.5
Shields        | |  3.7

Action                   |  1- 3 |  4- 6 || total
-------------------------+-------+-------++-------
Melee: Trident           |   110 |   152 ||   262
  Use: Scroll            |       |     3 ||     3
       Potion            |       |     4 ||     4
  Eat: Chunk             |       |     2 ||     2
Armor: Scale mail        |    41 |    52 ||    93
Dodge: Dodged            |    35 |    58 ||    93
Block: Shield            |    17 |       ||    17
       Buckler           |    19 |    46 ||    65
